 Dungeon Crawl Stone Soup version 0.31-a0-986-g5e6e4ef867 (webtiles) character file.

Game seed: 8637024576804830418

38 fleeber the Slasher (level 3, -3/27 HPs)
             Began as a Merfolk Gladiator on Nov 21, 2023.
             Slain by an orc
             ... wielding a +0 flail
              (7 damage)
             ... on level 2 of the Dungeon.
             The game lasted 00:03:12 (965 turns).

fleeber the Slasher (Merfolk Gladiator)              Turns: 965, Time: 00:03:12

Health: -3/27      AC:  6    Str: 14    XL:     3   Next: 43%
Magic:  3/3        EV: 12    Int:  7    God:
Gold:   34         SH:  0    Dex: 17    Spells: 2/2 levels left

rFire   . . .        a - +0 long sword
rCold   . . .        (no shield)
rNeg    . . .        h - +0 ring mail
rPois   .            c - +0 helmet
rElec   .            (no cloak)
rCorr   .            (no gloves)
SInv    .            (no boots)
Will    .....        (no amulet)
Stlth   +            (no ring)
HPRegen 0.24/turn    (no ring)
MPRegen 0.08/turn

%: no passive effects
@: no status effects
A: (nimble swimmer 2), mertail
a: no special abilities


You were on level 2 of the Dungeon.
You visited 1 branch of the dungeon, and saw 2 of its levels.

You collected 34 gold pieces.

Inventory:

Hand Weapons
 a - a +0 long sword (weapon)
Missiles
 d - 3 throwing nets
 e - a javelin
 g - 10 stones (quivered)
 i - 5 atropa-tipped darts
Armour
 c - a +0 helmet (worn)
 h - a +0 ring mail (worn)
Scrolls
 b - a scroll of identify {unknown}
 f - a scroll of vulnerability {unknown}
 l - 2 scrolls of teleportation {unknown}
Potions
 j - a potion of haste {unknown}
 k - a potion of brilliance {unknown}


   Skills:
 - Level 2.1 Fighting
 + Level 5.3 Long Blades
 - Level 2.0 Throwing
 - Level 4.0 Dodging


You had 2 spell levels left.
You didn't know any spells.
Your spell library was empty.

Dungeon Overview and Level Annotations

Branches:
Dungeon (2/15)

Altars:


Innate Abilities, Weirdness & Mutations

((You are very nimble when in or above water. (Stealth+, EV+, Speed+++)))
Your lower body shifts to a powerful aquatic tail in water.


Message History

An orc is nearby!
The orc barely misses you.
You barely miss the orc. The orc closely misses you.
The orc priest looks braver for a moment.
The orc hits you with a +0 flail.
You hit the orc.
The orc is moderately wounded.
The orc misses you.
You closely miss the orc.
The orc is moderately wounded.
The orc barely misses you.
You barely miss the orc.
The orc is moderately wounded.
The orc misses you.
The orc priest calls upon Beogh to heal the orc.
The orc's wounds heal themselves!
You hit the orc but do no damage. The orc barely misses you.
You barely miss the orc. The orc completely misses you.
You hit the orc but do no damage. The orc hits you with a +0 flail.
You hit the orc.
The orc is severely wounded.
The orc hits you with a +0 flail.
You hit the orc.
The orc is almost dead.
The orc misses you. The orc closely misses you.
You closely miss the orc.
The orc is almost dead.
The orc priest calls upon Beogh to heal the orc.
The orc is healed somewhat.
The orc misses you.
The orc priest invokes the aid of Beogh against you.
Beogh smites you!
* * * LOW HITPOINT WARNING * * *
You hit the orc but do no damage.
The orc is lightly wounded.
The orc hits you but does no damage.
The orc priest casts a cantrip, but nothing happens.
You barely miss the orc.
The orc is lightly wounded.
The orc hits you with a +0 flail!
You die...

.......## .......
........# #.##.......
..#####.#####.##.#........
..# ###.#.....##.#........
..###.....######.#..o.....
###...#.### #.#o....... #
#......# #.#........ #
#####..## #.#........ #
#...### #@#........ #
#.....####o#........ #####
#.#.#....#o†........ .....
#.#<.###...#........ ####.
#.##.. ###.......... ..
##.# #.###.....# ## .. ..
#.# ###### .# ##< ..# ..#
.### .. ..#


You could see an orc priest and an orc.

Vanquished Creatures
  An adder (D:2)
  A dart slug (D:1)
  2 endoplasms
  3 goblins (D:1)
  3 hobgoblins
  2 quokkas (D:2)
  2 ball pythons (D:1)
  4 bats (D:1)
  2 frilled lizards
  3 kobolds (D:1)
  3 rats
26 creatures vanquished.

Notes
Turn   | Place    | Note
-------+----------+-------------------------------------------
     0 | D:1      | fleeber the Merfolk Gladiator began the quest for the Orb.
     0 | D:1      | Reached XP level 1. HP: 16/16 MP: 1/1
   144 | D:1      | Reached skill level 4 in Long Blades
   212 | D:1      | Reached XP level 2. HP: 22/22 MP: 2/2
   778 | D:2      | Found a faded altar of an unknown god.
   827 | D:2      | Reached XP level 3. HP: 27/27 MP: 3/3
   837 | D:2      | Reached skill level 5 in Long Blades
   965 | D:2      | Slain by an orc

Illustrated notes

Levels and vault maps discovered:
D:1:      minmay_arrival_plants_in_alcoves, layout_loops_ring
D:2:      layout_rooms, hellmonk_ecumenical_altar_slurped_away

Skill      XL: |  1  2  3 |
---------------+----------+-----
Long Blades    | 4 5 |  5.3
Fighting       | |  2.1
Throwing       | |  2.0
Dodging        | |  4.0

Action                     || total
---------------------------++-------
  Melee: Long sword        ||    85
         Punch             ||     1
   Stab: Sleeping          ||     1
 Armour: Leather armour    ||     7
         Ring mail         ||    49
  Dodge: Dodged            ||    66

Table legend: (Time is in decaauts)
 A = Elapsed time spent in this place.
 B = Non-inter-level travel time spent in this place.
 C = Inter-level travel time spent in this place.
 D = Time resting spent in this place.
 E = Time spent auto-exploring this place.
 F = Levels seen in this place.
 G = Mean time per level.
                   A        B        C        D        E       F      G
               +--------+--------+--------+--------+--------+-----+--------+
         Total |    978 |    931 |     47 |      4 |    697 |   2 |  489.0 |
       Dungeon |    978 |    931 |     47 |      4 |    697 |   2 |  489.0 |
               +--------+--------+--------+--------+--------+-----+--------+

Top non-repeatable levels by time:
     D:1: 767 daAuts
     D:2: 211 daAuts
